 Dungeon Crawl Stone Soup version 0.31.0-11-ge490571c62 (webtiles) character file.

Game seed: 1322816093255138989

541 AkujiAZ the Trooper (level 7, -5/55 HPs)
             Began as a Mummy Cinder Acolyte on Jan 26, 2024.
             Was an Initiate of Ignis.
             Slain by an orc priest
             ... wielding a +0 hand axe
              (7 damage)
             ... on level 4 of the Dungeon.
             The game lasted 00:13:03 (3202 turns).

AkujiAZ the Trooper (Mummy Cinder Acolyte)          Turns: 3202, Time: 00:13:04

Health: -5/55      AC:  2    Str: 17    XL:     7   Next: 5%
Magic:  6/11       EV: 11    Int: 15    God:    Ignis [......]
Gold:   170        SH:  3    Dex:  8    Spells: 9/11 levels left

rFire   . . .        a - -1 hand axe (flame)
rCold   + . .        d - +0 buckler
rNeg    + + +        b - +0 robe
rPois   ∞            (no helmet)
rElec   .            (no cloak)
rCorr   .            (no gloves)
SInv    .            (no boots)
Will    .....        (no amulet)
Stlth   +            (no ring)
HPRegen 0.29/turn    (no ring)
MPRegen 0.12/turn

%: faith
@: no status effects
A: cold resistance 1, negative energy resistance 3, torment resistance 2, heat
vulnerability 1, in touch with death 1, no potions, faith
a: Renounce Religion


You were on level 4 of the Dungeon.
You worshipped Ignis.
Ignis was noncommittal.
You visited 1 branch of the dungeon, and saw 4 of its levels.

You collected 170 gold pieces.

Inventory:

Hand Weapons
 a - a -1 hand axe of flaming (weapon)
Armour
 b - a +0 robe (worn)
 d - a +0 buckler (worn)
Talismans
 h - a serpent talisman
Scrolls
 c - 2 scrolls of poison
 f - a scroll of enchant weapon {unknown}
 g - a scroll of torment {unknown}
 i - a scroll of teleportation
Potions
 e - a potion of brilliance


   Skills:
 + Level 4.5 Fighting
 + Level 4.2 Axes
 + Level 2.7 Dodging
 + Level 0.9 Stealth
 + Level 0.5 Shields
 + Level 2.7 Spellcasting
 + Level 3.0 Fire Magic


You had 9 spell levels left.
You knew the following spells:

 Your Spells              Type           Power      Damage    Failure   Level
a - Scorch                Fire           22%        2d5       12%         2

Your spell library contained the following spells:

 Spells                   Type           Power      Damage    Failure   Level
 Summon Ice Beast         Ice/Summ       2%         N/A       63%         3
 Summon Mana Viper        Hex/Summ       2%         N/A       100%        5
 Monstrous Menagerie      Summ           1%         N/A       100%        7


Dungeon Overview and Level Annotations

Branches:
Dungeon (4/15)
 Temple: D:4-7

Altars:

Annotations:
D:4 Eustachio


Innate Abilities, Weirdness & Mutations

You are immune to poison.
Your flesh is cold resistant. (rC+)
You are immune to negative energy. (rN+++)
You are immune to unholy pain and torment.
You are vulnerable to heat. (rF-)
You are in touch with the powers of death.
You do not drink.
You have a special connection with the divine. (Faith)


Message History

Eustachio gestures wildly while chanting.
Eustachio blinks!
The orc priest barely misses you. The orc barely misses you. x2
Okay, then.
You hit the orc. You burn the orc.
You kill the orc!
You closely miss the orc.
You hit the orc priest but do no damage.
You hit the orc. You burn the orc.
The orc priest hits you with a +0 hand axe.
The orc closely misses you. The orc barely misses you.
You closely miss the orc priest.
The orc priest is moderately wounded.
You hit the orc. You burn the orc. You completely miss Eustachio.
You hit the orc. You burn the orc.
You kill the orc!
Eustachio gestures wildly while chanting.
The orc priest begins to cast a cantrip, but forgets the words!
You block the orc's attack.
Casting: Scorch (safe; 12% risk of failure)
Confirm with . or Enter, or press ? or * to list all spells.
Flames lash the quokka.
The quokka is almost dead.
The quokka's fire resistance burns away.
Eustachio hits you with a +0 rapier.
* * * LOW HITPOINT WARNING * * *
You block the orc's attack.
The orc priest invokes the aid of Beogh against you.
Beogh smites you!
* * * LOW HITPOINT WARNING * * *
The rat bites you.
* * * LOW HITPOINT WARNING * * *
Casting: Scorch (safe; 12% risk of failure)
Confirm with . or Enter, or press ? or * to list all spells.
Flames lash the quokka.
The quokka is burned terribly!
You kill the quokka!
The quokka's corpse disappears in a puff of smoke!
Eustachio casts a spell.
Eustachio blinks!
The orc priest hits you with a +0 hand axe!
You die...

# # # ###############
. ######.............(
..
.......####.....####..
######## #...........
## #........## .#
##......$#####.. .#
#...$..@@o.g.... .#
#......§ro#..... .##
#..........## ...
>.......##.......... .
....................<
##......####...#....).
#...# #####...... ...#
....... ..# ..


You could see Eustachio, an orc priest, an orc, a goblin and a rat (summoned).

Vanquished Creatures
  Grinder (D:3)
  A black bear (D:2)
  A hound (D:4)
  An orc priest (D:3)
  An iguana (D:3)
  3 gnolls (D:3)
  7 adders
  A ribbon worm (D:2)
  A dart slug (D:4)
  14 orcs
  8 endoplasms
  5 giant cockroaches
  3 goblins
  4 hobgoblins
  5 kobolds
  5 quokkas
  3 ball pythons
  6 bats
  4 frilled lizards
  3 rats
77 creatures vanquished.

Vanquished Creatures (others)
  19 foxfires
19 creatures vanquished.

Grand Total: 96 creatures vanquished

Notes
Turn   | Place    | Note
-------+----------+-------------------------------------------
     0 | D:1      | AkujiAZ the Mummy Cinder Acolyte began the quest for the
                  | Orb.
     0 | D:1      | Reached XP level 1. HP: 18/18 MP: 2/2
   254 | D:1      | Reached XP level 2. HP: 24/24 MP: 4/4
  1083 | D:2      | Noticed a black bear
  1085 | D:2      | Reached XP level 3. HP: 29/29 MP: 5/5
  1095 | D:1      | You fall into a shaft and drop 1 floor!
  1123 | D:2      | Killed a black bear
  1124 | D:2      | Reached skill level 1 in Dodging
  1124 | D:2      | Reached XP level 4. HP: 35/37 MP: 6/6
  2088 | D:3      | Learned a level 2 spell: Scorch
  2107 | D:3      | Reached XP level 5. HP: 42/42 MP: 0/7
  2348 | D:3      | Noticed Grinder
  2350 | D:3      | Paralysed by Grinder for 4 turns
  2368 | D:3      | Paralysed by Grinder for 4 turns
  2379 | D:3      | Killed Grinder
  2380 | D:3      | Reached XP level 6. HP: 28/49 MP: 7/9
  3086 | D:4      | Reached XP level 7. HP: 5/55 MP: 5/11
  3194 | D:4      | Noticed Eustachio
  3201 | D:4      | HP: 2/55 [rat[Eustachio] (3)]
  3202 | D:4      | Slain by an orc priest

Illustrated notes

Levels and vault maps discovered:
D:1:      evilmike_arrival_crescent, layout_loops_ring
D:2:      layout_loops_cross, shapermc_ecumenical_altar_pompeii
D:3:      minmay_skewed_foursquare, layout_basic, grunt_decor_junction,
          uniq_crazy_yiuf_cottage, uniq_grinder
D:4:      layout_rooms, cheibriados_altar_1, uniq_eustachio

Skill      XL: |  1  2  3  4  5 |
---------------+----------------+-----
Axes           | 3 4 |  4.2
Dodging        | 1 2 |  2.7
Fighting       | 4 |  4.5
Spellcasting   | 2 |  2.7
Fire Magic     | 3 |  3.0
Stealth        | |  0.9
Shields        | |  0.5

Action                     |  1- 3 |  4- 6 |  7- 9 || total
---------------------------+-------+-------+-------++-------
  Melee: Hand axe          |    77 |   127 |    11 ||   215
         Punch             |     1 |     1 |       ||     2
   Cast: Scorch            |       |     9 |     3 ||    12
 Invoke: Fiery Armour      |     1 |     3 |       ||     4
         Foxfire Swarm     |     1 |     4 |       ||     5
         Rising Flame      |     1 |       |       ||     1
    Use: Scroll            |     2 |     4 |       ||     6
 Armour: Robe              |    51 |   127 |     8 ||   186
  Dodge: Dodged            |    68 |   126 |    14 ||   208
  Block: Buckler           |       |    24 |     3 ||    27
